 Dungeon Crawl Stone Soup version 0.32-a0-43-g058985b245 (webtiles) character file.

Game seed: 5275574034319183839

49 PriceMaster the Conjurer (level 3, 0/21 HPs)
             Began as an Octopode Conjurer on Feb 3, 2024.
             Succumbed to an adder's poison
             ... on level 2 of the Dungeon.
             The game lasted 00:01:43 (1055 turns).

PriceMaster the Conjurer (Octopode Conjurer)        Turns: 1055, Time: 00:01:43

Health: 0/21       AC:  1    Str:  6    XL:     3   Next: 75%
Magic:  0/6        EV: 13    Int: 22    God:
Gold:   40         SH:  0    Dex: 10    Spells: 3/6 levels left

rFire   . . .        f - +1 dagger (holy)
rCold   . . .        (no shield)
rNeg    . . .        (helmet restricted)
rPois   .            (no amulet)
rElec   .            (no ring)
rCorr   .            (no ring)
SInv    .            (no ring)
Will    .....        (no ring)
Stlth   ++++         (no ring)
HPRegen 0.23/turn    (no ring)
MPRegen 0.10/turn    (no ring)
                     (no ring)

%: no passive effects
@: lethally poisoned (0 -> -9), attractive
A: almost no armour, amphibious, 8 rings, camouflage 1, gelatinous body 1,
nimble swimmer 1, tentacles
a: no special abilities


You were on level 2 of the Dungeon.
You visited 1 branch of the dungeon, and saw 2 of its levels.

You collected 40 gold pieces.

Inventory:

Hand Weapons
 c - a +0 short sword
 f - a +1 dagger of holy wrath (weapon)
Scrolls
 h - a scroll of brand weapon {unknown}
Potions
 a - a potion of magic
 b - a potion of haste
 i - a potion of ambrosia {unknown}


   Skills:
 + Level 0.1 Short Blades
 + Level 2.4 Dodging
 + Level 3.4 Stealth
 + Level 0.2 Unarmed Combat
 + Level 2.1 Spellcasting
 + Level 4.6 Conjurations


You had 3 spell levels left.
You knew the following spells:

 Your Spells              Type           Power      Damage    Failure   Level
a - Magic Dart            Conj           92%        1d7       1%          1
b - Searing Ray           Conj           46%        2d6       3%          2

Your spell library contained the following spells:

 Spells                   Type           Power      Damage    Failure   Level
 Fulminant Prism          Conj/Alch      6%         3d7       45%         4
 Iskenderun's Mystic Bla  Conj/Tloc      12%        2d5       45%         4


Dungeon Overview and Level Annotations

Branches:
Dungeon (2/15)

Altars:


Innate Abilities, Weirdness & Mutations

You cannot wear most types of armour.
You are amphibious.
You can wear up to eight rings at the same time.
Your skin changes colour to match your surroundings (Stealth+).
Your rubbery body absorbs attacks. (AC +1, EV +1)
You are camouflaged when in or above water. (Stealth+)
You have tentacles for arms and can constrict up to eight enemies at once.


Message History

Confirm with . or Enter, or press ? or * to list all spells.
Aiming: Searing Ray (safe; 3% risk of failure)
Press: ? - help, Shift-Dir - straight line, f - spectral hobgoblin
Aim: a spectral hobgoblin (92% to hit)
The searing ray misses the adder.
The searing ray hits the spectral hobgoblin!
You destroy the spectral hobgoblin! (Press . to maintain the ray.)
You feel sick. The adder barely misses you. The adder misses you.
The searing ray misses the adder.
You feel sick. The adder bites you. The adder bites you but does no damage.
The adder bites you.
The searing ray hits the adder!
You kill the adder!
You feel sick. The adder bites you.
You are more poisoned.
The adder poisons you!
Casting: Searing Ray (safe; 3% risk of failure)
Confirm with . or Enter, or press ? or * to list all spells.
Restarting spell: Searing Ray (safe; 3% risk of failure)
Press: ? - help, Shift-Dir - straight line, f - adder
Aim: an adder (63% to hit)
The searing ray misses the adder. (Press . to maintain the ray.)
You feel sick. The adder barely misses you. The adder misses you.
You hit the adder. Your grab misses the adder.
The adder is lightly wounded.
You feel sick. The adder bites you.
* * * LOW HITPOINT WARNING * * *
You closely miss the adder. You grab the adder. You squeeze the adder.
The adder is severely wounded.
You constrict the adder.
* * * LOW HITPOINT WARNING * * *
You feel sick. The adder bites you.
* * * LOW HITPOINT WARNING * * *
You are more poisoned.
The adder poisons you!
It was a potion of attraction.
You feel attractive to monsters.
You constrict the adder.
You die...

####.# #.......#
#....# #.#######
#.#### #.# #.# #.# #.#
#.# #.# #.### #.# #..~
#.# #(.# # #.# #.@#
.### # #.# #S†#~.~~~
#.#.## ##.~~~~~~~
#....## ##...~~#).~
#.....######.###..~~~~
#............# .~~~.~
#.(...######.# .~.##+
##...## ##.. .#...
##.## ### ....


You could see an adder.

Vanquished Creatures
  2 adders (D:2)
  A dart slug (D:1)
  4 endoplasms (D:1)
  2 giant cockroaches (D:1)
  5 goblins
  A hobgoblin (D:1)
  A quokka (D:1)
  2 ball pythons
  4 bats (D:1)
  A frilled lizard (D:1)
  2 kobolds (D:1)
  3 rats
  A spectral hobgoblin (D:2)
29 creatures vanquished.

Notes
Turn   | Place    | Note
-------+----------+-------------------------------------------
     0 | D:1      | PriceMaster the Octopode Conjurer began the quest for the
                  | Orb.
     0 | D:1      | Reached XP level 1. HP: 11/11 MP: 3/3
   210 | D:1      | Reached XP level 2. HP: 17/17 MP: 1/5
   622 | D:1      | Learned a level 2 spell: Searing Ray
   660 | D:1      | Reached XP level 3. HP: 21/21 MP: 2/6
  1054 | D:2      | HP: 1/21 [adder (3)]
  1055 | D:2      | Succumbed to an adder's poison

Illustrated notes

Levels and vault maps discovered:
D:1:      psy_arrival_fountain, layout_rooms, minivault_23
D:2:      layout_loops_ring, dreamdust_ecumenical_altar_drowned_temple,
          minmay_gold_behind_fungi

Skill      XL: |  1  2  3 |
---------------+----------+-----
Stealth        | 3 |  3.4
Short Blades   | |  0.1
Dodging        | |  2.4
Unarmed Combat | |  0.2
Spellcasting   | |  2.1
Conjurations   | |  4.6

Action                     || total
---------------------------++-------
  Melee: Unarmed           ||     8
         Tentacles         ||     8
         Constrict         ||     6
         Punch             ||     1
         Short sword       ||    16
         Dagger            ||    23
   Cast: Magic Dart        ||    15
         Searing Ray       ||     5
    Use: Scroll            ||     3
         Potion            ||     1
   Stab: Sleeping          ||     6
 Armour: Skin              ||    25
  Dodge: Dodged            ||    42

Table legend: (Time is in decaauts)
 A = Elapsed time spent in this place.
 B = Non-inter-level travel time spent in this place.
 C = Inter-level travel time spent in this place.
 D = Time resting spent in this place.
 E = Time spent auto-exploring this place.
 F = Levels seen in this place.
 G = Mean time per level.
                   A        B        C        D        E       F      G
               +--------+--------+--------+--------+--------+-----+--------+
         Total |   1053 |   1036 |     17 |    133 |    720 |   2 |  526.5 |
       Dungeon |   1053 |   1036 |     17 |    133 |    720 |   2 |  526.5 |
               +--------+--------+--------+--------+--------+-----+--------+

Top non-repeatable levels by time:
     D:1: 754 daAuts
     D:2: 299 daAuts
